Rampage vs Admirals NSH

Created - Thursday, April 21, 2016 at 01:49

Goals
1 2 3 T
Rampage 0 1 0 1
Admirals NSH 1 1 0 2
Shots
1 2 3 T
Rampage 5 9 5 19
Admirals NSH 14 16 12 42

1st period

1. Admirals NSH , Mike Blunden 1 (Andrew Desjardins, Victor Bartley) at 9:14 (PP)

Penalties :
Keaton Ellerby (SAN) for Holding (Minor) at 7:24, Ben Sexton (MIL) for Tripping (Minor) at 12:59

2nd period

2. Rampage , Michal Rozsival 1 (Max Friberg, Connor Brickley) at 6:02 (PP)
3. Admirals NSH , Brian Lashoff 1 (Nikita Nesterov) at 14:38 (PP)

Penalties :
Oliver Lauridsen (MIL) for Fighting (Major) at 5:18, Matthew Corrente (SAN) for Fighting (Major) at 5:18, Ben Sexton (MIL) for Interference (Minor) at 5:38, Scott Mayfield (SAN) for Roughing (Minor) at 10:15, Daniel Briere (SAN) for Hooking (Minor) at 13:31, Michael Pelech (MIL) for Fighting (Major) at 16:39, Morgan Ellis (SAN) for Fighting (Major) at 16:39

3rd period

No Goal

Penalties :
Brad Winchester (MIL) for Fighting (Major) at 0:15, Christian Thomas (SAN) for Fighting (Major) at 0:15, Matthew Corrente (SAN) for Hooking (Minor) at 1:53, Connor Brickley (SAN) for Holding (Minor) at 10:52, Scott Mayfield (SAN) for Slashing (Minor) at 17:01

Goalie Stats

Viktor Fasth (SAN), 40 saves from 42 shots - (0.952), L, 0-1-0, 60:00 minutes
Chad Johnson (MIL), 18 saves from 19 shots - (0.947), W, 2-0-2, 60:00 minutes

Players Stats for Rampage

Player Name              G  A  P  +/- PIM S  H  SB GA TA FO     MP     PP MP  PK MP  
------------------------------------------------------------------------------------
Benn Ferriero            0  0  0   0  0   1  1  0  0  0  0/1     8:25   0:00   0:00 
Bryan Rust               0  0  0   0  0   3  3  1  2  0  0/1    18:56   1:33   1:48 
Christian Thomas         0  0  0   0  5   0  0  1  1  0  0/1    11:35   0:50   1:24 
Connor Brickley          0  1  1   0  2   2  0  0  1  0  3/10   16:01   1:33   0:00 
Daniel Briere            0  0  0   0  2   2  0  0  1  0  6/18   22:25   0:46   5:00 
Dillon Simpson           0  0  0   0  0   0  0  0  0  0  0/0     5:19   0:00   0:00 
Joel Chouinard           0  0  0   0  0   0  0  3  0  0  0/0    15:44   0:00   2:57 
Jordan Szwarz            0  0  0   0  0   1  0  0  0  1  0/2    15:53   0:00   3:05 
Keaton Ellerby           0  0  0   0  2   0  0  3  0  0  0/0    22:00   1:24   6:16 
Liam O'Brien             0  0  0   0  0   1  0  0  2  0  0/0    15:09   0:04   0:26 
Matthew Corrente         0  0  0   0  7   0  1  0  0  0  0/0    17:59   0:59   2:42 
Max Friberg              0  1  1   0  0   1  0  0  1  0  0/0    16:01   1:33   0:00 
Michal Rozsival          1  0  1   0  0   3  0  2  2  3  0/0    27:41   1:24   7:41 
Morgan Ellis             0  0  0   0  5   1  0  2  0  0  0/0    12:53   0:00   0:00 
Scott Mayfield           0  0  0   0  4   1  3  1  0  1  0/0    20:23   0:59   2:15 
Tanner Richard           0  0  0   0  0   2  2  0  2  0  0/3    11:05   0:00   1:46 
Taylor Beck              0  0  0   0  0   0  2  1  0  0  0/2    19:10   0:50   8:17 
William Nylander         0  0  0   0  0   1  0  0  1  0  2/9    12:24   0:00   0:00 

Players Stats for Admirals NSH

Player Name              G  A  P  +/- PIM S  H  SB GA TA FO     MP     PP MP  PK MP  
------------------------------------------------------------------------------------
Allan McPherson          0  0  0   0  0   0  0  0  1  0  1/3    12:12   1:30   0:23 
Andrew Desjardins        0  1  1   0  0   3  2  0  1  0  11/15  22:11   4:46   1:38 
Ben Sexton               0  0  0   0  4   0  1  1  3  0  9/10   13:48   0:00   0:00 
Brad Winchester          0  0  0   0  5   7  2  1  2  0  5/6    14:03   4:03   0:22 
Brian Lashoff            1  0  1   0  0   11 0  2  2  1  0/0    20:55   5:23   0:34 
Brody Sutter             0  0  0   0  0   1  2  0  2  0  9/12   21:12   6:37   0:22 
Cameron Schilling        0  0  0   0  0   0  0  0  0  0  0/0     2:28   0:00   0:00 
Eric Faille              0  0  0   0  0   0  0  1  2  0  0/0    14:53   0:08   0:00 
Frazer McLaren           0  0  0   0  0   0  3  0  0  0  0/0    10:52   0:11   0:00 
Fredrik Claesson         0  0  0   0  0   0  0  0  0  0  0/0    10:50   0:00   0:00 
Jamie Wise               0  0  0   0  0   0  3  0  0  0  0/0    18:36   5:01   0:00 
Michael Pelech           0  0  0   0  5   2  5  0  2  0  0/0    17:47   5:04   0:00 
Mike Blunden             1  0  1   0  0   1  1  1  3  1  1/1    18:56   5:19   2:01 
Nikita Nesterov          0  1  1   0  0   10 1  1  0  0  0/0    19:26   5:15   0:34 
Oliver Lauridsen         0  0  0   0  5   0  1  1  0  0  0/0    12:32   0:00   0:00 
Tim Gleason              0  0  0   0  0   4  3  3  0  4  0/0    26:53   5:38   1:49 
Victor Bartley           0  1  1   0  0   2  1  0  0  2  0/0    26:55   5:30   1:49 
Wade Megan               0  0  0   0  0   1  0  0  0  0  0/0    13:03   0:00   0:00 

3 Stars

1 - Viktor Fasth (SAN)
2 - Chad Johnson (MIL)
3 - Mike Blunden (MIL)

Power Play

Rampage - 1 on 2 Attempt(s) - 50.00%
Admirals NSH - 2 on 6 Attempt(s) - 33.33%

Penalty Kill

Rampage - 4 on 6 Attempt(s) - 66.67% - Score 0 goal in Penalty Kill
Admirals NSH - 1 on 2 Attempt(s) - 50.00% - Score 0 goal in Penalty Kill

Team Stat

Rampage - Hits : 12 - Faceoff Wins : 11 - Blocked Shots : 14 - Penalty Minutes : 27
Admirals NSH - Hits : 25 - Faceoff Wins : 36 - Blocked Shots : 11 - Penalty Minutes : 19

Official

Referees : Unknown
Linesman : Unknown

Game Notes

Oliver Lauridsen beats up Matthew Corrente at 5:18 of 2nd period
Michael Pelech beats up Morgan Ellis at 16:39 of 2nd period
Christian Thomas beats up Brad Winchester at 0:15 of 3rd period

Finance

Level 1 -- Attendance: 1743 (87.15%) -- Ticket Income $59,262
Level 2 -- Attendance: 882 (88.20%) -- Ticket Income $12,348
Total Attendance: 2625 (87.50%)
Total Ticket Income: $71,610
Other Income: $35,089
Total Income: $106,699

Rampage

5 vs 5 Forward 
   Center                   Left Wing                Right Wing               Time % Phy DF OF 
 1 Daniel Briere            Taylor Beck              Christian Thomas         35     1   2  2  
 2 Connor Brickley          Bryan Rust               Max Friberg              30     1   2  2  
 3 William Nylander         Liam O'Brien             Jordan Szwarz            22     1   2  2  
 4 Tanner Richard           Daniel Briere            Benn Ferriero            13     1   2  2  

5 vs 5 Defense 
   Defense                  Defense                                           Time % Phy DF OF 
 1 Michal Rozsival          Keaton Ellerby                                    35     1   2  2  
 2 Matthew Corrente         Scott Mayfield                                    30     1   2  2  
 3 Morgan Ellis             Joel Chouinard                                    22     1   2  2  
 4 Dillon Simpson           Michal Rozsival                                   13     1   2  2  

PowerPlay Forward 
   Center                   Left Wing                Right Wing               Time % Phy DF OF 
 1 Daniel Briere            Taylor Beck              Christian Thomas         60     1   2  2  
 2 Connor Brickley          Bryan Rust               Max Friberg              40     1   2  2  

PowerPlay Defense
   Defense                  Defense                                           Time % Phy DF OF 
 1 Michal Rozsival          Keaton Ellerby                                    60     1   2  2  
 2 Matthew Corrente         Scott Mayfield                                    40     1   2  2  

Penalty Kill 4 Players Forward 
   Center                   Wing                     Time % Phy DF OF 
 1 Daniel Briere            Taylor Beck              60     1   2  2  
 2 Christian Thomas         Bryan Rust               40     1   2  2  

Penalty Kill 4 Players Defense
   Defense                  Defense                  Time % Phy DF OF 
 1 Michal Rozsival          Keaton Ellerby           60     1   2  2  
 2 Matthew Corrente         Scott Mayfield           40     1   2  2  

Penalty Kill - 3 Players Forward 
   Forward                                           Time % Phy DF OF 
 1 Daniel Briere                                     60     1   2  2  
 2 Taylor Beck                                       40     1   2  2  

Penalty Kill - 3 Players Defense
   Defense                  Defense                  Time % Phy DF OF 
 1 Michal Rozsival          Keaton Ellerby           60     1   2  2  
 2 Matthew Corrente         Scott Mayfield           40     1   2  2  

4 vs 4 Forward 
   Center                   Wing                     Time % Phy DF OF 
 1 Daniel Briere            Taylor Beck              60     1   2  2  
 2 Christian Thomas         Bryan Rust               40     1   2  2  

4 vs 4 Defense
   Defense                  Defense                  Time % Phy DF OF 
 1 Michal Rozsival          Keaton Ellerby           60     1   2  2  
 2 Matthew Corrente         Scott Mayfield           40     1   2  2  

Last Minutes Offensive
   Center                   Left Wing                Right Wing               Defense                  Defense                  
   Daniel Briere            Taylor Beck              Christian Thomas         Michal Rozsival          Keaton Ellerby           

Last Minutes Defensive
   Center                   Left Wing                Right Wing               Defense                  Defense                  
   Daniel Briere            Taylor Beck              Christian Thomas         Michal Rozsival          Keaton Ellerby           

Goaltenders
Starting : Viktor Fasth             
Backup : Pheonix Copley           

Extra Forwards
Normal : Liam O'Brien, William Nylander, Jordan Szwarz - PP : Liam O'Brien, William Nylander - PK : Jordan Szwarz
Extra Defensemen
Normal : Morgan Ellis, Joel Chouinard, Dillon Simpson - PP : Morgan Ellis - PK : Joel Chouinard, Dillon Simpson
Penalty Shots
Daniel Briere, Taylor Beck, Christian Thomas, Bryan Rust, Max Friberg

Admirals NSH

5 vs 5 Forward 
   Center                   Left Wing                Right Wing               Time % Phy DF OF 
 1 Andrew Desjardins        Brad Winchester          Mike Blunden             30     0   2  3  
 2 Brody Sutter             Wade Megan               Michael Pelech           27     0   2  3  
 3 Ben Sexton               Jamie Wise               Eric Faille              22     0   3  2  
 4 Allan McPherson          Frazer McLaren           Andrew Desjardins        21     0   2  3  

5 vs 5 Defense 
   Defense                  Defense                                           Time % Phy DF OF 
 1 Tim Gleason              Nikita Nesterov                                   30     0   4  1  
 2 Fredrik Claesson         Victor Bartley                                    30     0   4  1  
 3 Oliver Lauridsen         Brian Lashoff                                     20     0   4  1  
 4 Tim Gleason              Victor Bartley                                    20     0   3  2  

PowerPlay Forward 
   Center                   Left Wing                Right Wing               Time % Phy DF OF 
 1 Andrew Desjardins        Mike Blunden             Brody Sutter             60     0   1  4  
 2 Brad Winchester          Jamie Wise               Michael Pelech           40     0   1  4  

PowerPlay Defense
   Defense                  Defense                                           Time % Phy DF OF 
 1 Tim Gleason              Victor Bartley                                    65     0   2  3  
 2 Brian Lashoff            Nikita Nesterov                                   35     0   2  3  

Penalty Kill 4 Players Forward 
   Center                   Wing                     Time % Phy DF OF 
 1 Andrew Desjardins        Mike Blunden             60     0   4  1  
 2 Brody Sutter             Brad Winchester          40     0   4  1  

Penalty Kill 4 Players Defense
   Defense                  Defense                  Time % Phy DF OF 
 1 Tim Gleason              Victor Bartley           60     1   4  0  
 2 Nikita Nesterov          Brian Lashoff            40     1   4  0  

Penalty Kill - 3 Players Forward 
   Forward                                           Time % Phy DF OF 
 1 Andrew Desjardins                                 60     0   5  0  
 2 Jamie Wise                                        40     0   5  0  

Penalty Kill - 3 Players Defense
   Defense                  Defense                  Time % Phy DF OF 
 1 Tim Gleason              Nikita Nesterov          60     0   5  0  
 2 Brian Lashoff            Victor Bartley           40     0   5  0  

4 vs 4 Forward 
   Center                   Wing                     Time % Phy DF OF 
 1 Andrew Desjardins        Brody Sutter             60     0   2  3  
 2 Mike Blunden             Brad Winchester          40     0   2  3  

4 vs 4 Defense
   Defense                  Defense                  Time % Phy DF OF 
 1 Victor Bartley           Tim Gleason              60     1   3  1  
 2 Brian Lashoff            Oliver Lauridsen         40     1   3  1  

Last Minutes Offensive
   Center                   Left Wing                Right Wing               Defense                  Defense                  
   Andrew Desjardins        Mike Blunden             Brody Sutter             Tim Gleason              Victor Bartley           

Last Minutes Defensive
   Center                   Left Wing                Right Wing               Defense                  Defense                  
   Andrew Desjardins        Mike Blunden             Brody Sutter             Tim Gleason              Victor Bartley           

Goaltenders
Starting : Chad Johnson             
Backup : Johan Gustafsson         

Extra Forwards
Normal : Brody Sutter, Andrew Desjardins, Mike Blunden - PP : Brody Sutter, Brad Winchester - PK : Allan McPherson
Extra Defensemen
Normal : Victor Bartley, Cameron Schilling, Tim Gleason - PP : Victor Bartley - PK : Nikita Nesterov, Tim Gleason
Penalty Shots
Michael Pelech, Andrew Desjardins, Mike Blunden, Brody Sutter, Brad Winchester

% Time on Ice - Rampage

Lines # - Real PCT - Wanted PCT - Time Play
Normal Forward
1 - 25% - 35% - 11:53
2 - 31% - 30% - 14:39
3 - 25% - 22% - 11:42
4 - 18% - 13% - 8:25
Normal Defense
1 - 31% - 35% - 14:21
2 - 35% - 30% - 16:17
3 - 25% - 22% - 11:46
4 - 9% - 13% - 4:15
PP Forward
1 - 35% - 60% - 0:50
2 - 65% - 40% - 1:33
PP Defense
1 - 59% - 60% - 1:24
2 - 41% - 40% - 0:59
PK Forward
1 - 83% - 60% - 9:05
2 - 17% - 40% - 1:48
PK Defense
1 - 71% - 60% - 7:41
2 - 29% - 40% - 3:12
PK3 Forward
1 - 0% - 60%
2 - 0% - 40%
PK3 Defense
1 - 0% - 60%
2 - 0% - 40%
44 Forward
1 - 0% - 60%
2 - 0% - 40%
44 Defense
1 - 0% - 60%
2 - 0% - 40%
Last Minute Offensive  - 0:05
Last Minute Defensive  - 0:00
Total
Forward - 60:00
Defense - 60:00

% Time on Ice - Admirals NSH

Lines # - Real PCT - Wanted PCT - Time Play
Normal Forward
1 - 19% - 30% - 8:54
2 - 34% - 27% - 15:28
3 - 29% - 22% - 13:21
4 - 18% - 21% - 8:16
Normal Defense
1 - 33% - 30% - 15:15
2 - 25% - 30% - 11:26
3 - 31% - 20% - 14:08
4 - 11% - 20% - 5:10
PP Forward
1 - 53% - 60% - 5:49
2 - 47% - 40% - 5:04
PP Defense
1 - 52% - 65% - 5:38
2 - 48% - 35% - 5:15
PK Forward
1 - 85% - 60% - 2:01
2 - 15% - 40% - 0:22
PK Defense
1 - 76% - 60% - 1:49
2 - 24% - 40% - 0:34
PK3 Forward
1 - 0% - 60%
2 - 0% - 40%
PK3 Defense
1 - 0% - 60%
2 - 0% - 40%
44 Forward
1 - 0% - 60%
2 - 0% - 40%
44 Defense
1 - 0% - 60%
2 - 0% - 40%
Last Minute Offensive  - 0:00
Last Minute Defensive  - 0:45
Total
Forward - 60:00
Defense - 60:00

Play by Play

1st period


0:01 of 1st period - Andrew Desjardins wins face-off versus Taylor Beck in neutral zone.
0:30 of 1st period - Slapshot by Nikita Nesterov.
0:30 of 1st period - Stopped by Viktor Fasth with a rebound.
0:36 of 1st period - Slapshot by Nikita Nesterov.
0:36 of 1st period - Stopped by Viktor Fasth with a rebound.
1:34 of 1st period - Slapshot by Victor Bartley.
1:34 of 1st period - Stopped by Viktor Fasth with a rebound.
1:57 of 1st period - Victor Bartley is hit by Matthew Corrente.
1:58 of 1st period - Icing by Victor Bartley.
1:59 of 1st period - Ben Sexton wins face-off versus William Nylander in Admirals NSH zone.
2:40 of 1st period - Slapshot by Andrew Desjardins.
2:40 of 1st period - Stopped by Viktor Fasth with a rebound.
2:42 of 1st period - Slapshot by Brian Lashoff.
2:42 of 1st period - Shot Misses the Net.
3:06 of 1st period - Slapshot by Victor Bartley.
3:06 of 1st period - Shot Misses the Net.
3:11 of 1st period - Off-side.
3:12 of 1st period - Andrew Desjardins wins face-off versus Tanner Richard in neutral zone.
3:15 of 1st period - Snap shot by Brad Winchester.
3:15 of 1st period - Stopped by Viktor Fasth with a rebound.
3:17 of 1st period - Slapshot by Brad Winchester.
3:17 of 1st period - Stopped by Viktor Fasth with a rebound.
3:19 of 1st period - Slapshot by Fredrik Claesson.
3:19 of 1st period - Shot Blocked by Michal Rozsival.
3:45 of 1st period - Benn Ferriero is hit by Brad Winchester and loses puck.
4:02 of 1st period - Slapshot by Nikita Nesterov.
4:02 of 1st period - Shot Misses the Net.
4:49 of 1st period - Brian Lashoff is hit by Taylor Beck and loses puck.
4:57 of 1st period - Off-side.
4:58 of 1st period - Brody Sutter wins face-off versus William Nylander in neutral zone.
5:07 of 1st period - Keaton Ellerby is hit by Oliver Lauridsen and loses puck.
5:40 of 1st period - Snap shot by Michal Rozsival.
5:40 of 1st period - Stopped by Chad Johnson with a rebound.
5:42 of 1st period - Slapshot by Morgan Ellis.
5:42 of 1st period - Shot Misses the Net.
5:44 of 1st period - Wrist shot by Connor Brickley.
5:44 of 1st period - Shot Misses the Net.
5:50 of 1st period - Connor Brickley is hit by Andrew Desjardins and loses puck.
5:57 of 1st period - Connor Brickley is hit by Frazer McLaren and loses puck.
7:04 of 1st period - Wrist shot by Max Friberg.
7:04 of 1st period - Shot Blocked by Mike Blunden.
7:06 of 1st period - Slapshot by Matthew Corrente.
7:06 of 1st period - Deflect By Max Friberg.
7:06 of 1st period - Shot Blocked by Brian Lashoff.
7:06 of 1st period - Puck is out of play.
7:07 of 1st period - Connor Brickley wins face-off versus Ben Sexton in Admirals NSH zone.
7:16 of 1st period - Michal Rozsival is hit by Victor Bartley and loses puck.
7:24 of 1st period - Minor Penalty to Keaton Ellerby for Holding.
7:25 of 1st period - Daniel Briere wins face-off versus Brad Winchester in Rampage zone.
8:05 of 1st period - Slapshot by Tim Gleason.
8:05 of 1st period - Stopped by Viktor Fasth without a rebound.
8:06 of 1st period - Allan McPherson wins face-off versus Daniel Briere in Rampage zone.
8:30 of 1st period - Slapshot by Brian Lashoff.
8:30 of 1st period - Stopped by Viktor Fasth without a rebound.
8:31 of 1st period - Brad Winchester wins face-off versus Christian Thomas in Rampage zone.
8:38 of 1st period - Slapshot by Brian Lashoff.
8:38 of 1st period - Shot Misses the Net.
9:14 of 1st period - Wrist shot by Mike Blunden.
9:14 of 1st period - Goal by Mike Blunden - Rampage : 0 - Admirals NSH : 1.
9:15 of 1st period - Brody Sutter wins face-off versus Connor Brickley in neutral zone.
9:34 of 1st period - Snap shot by Brody Sutter.
9:34 of 1st period - Shot Misses the Net.
9:36 of 1st period - Snap shot by Wade Megan.
9:36 of 1st period - Stopped by Viktor Fasth without a rebound.
9:37 of 1st period - Ben Sexton wins face-off versus William Nylander in Rampage zone.
9:40 of 1st period - Snap shot by Tim Gleason.
9:40 of 1st period - Stopped by Viktor Fasth with a rebound.
10:06 of 1st period - Slapshot by Liam O'Brien.
10:06 of 1st period - Stopped by Chad Johnson with a rebound.
10:08 of 1st period - Wrist shot by Jordan Szwarz.
10:08 of 1st period - Shot Blocked by Tim Gleason.
10:10 of 1st period - Slapshot by Michal Rozsival.
10:10 of 1st period - Shot Blocked by Tim Gleason.
10:39 of 1st period - Joel Chouinard is hit by Michael Pelech.
10:43 of 1st period - Wrist shot by Bryan Rust.
10:43 of 1st period - Stopped by Chad Johnson with a rebound.
11:33 of 1st period - Allan McPherson is hit by Tanner Richard and loses puck.
11:51 of 1st period - Snap shot by Brad Winchester.
11:51 of 1st period - Stopped by Viktor Fasth with a rebound.
11:53 of 1st period - Snap shot by Brad Winchester.
11:53 of 1st period - Shot Blocked by Morgan Ellis.
11:55 of 1st period - Snap shot by Andrew Desjardins.
11:55 of 1st period - Stopped by Viktor Fasth with a rebound.
12:15 of 1st period - Wrist shot by Michael Pelech.
12:15 of 1st period - Stopped by Viktor Fasth without a rebound.
12:16 of 1st period - Brody Sutter wins face-off versus William Nylander in Rampage zone.
12:41 of 1st period - Liam O'Brien is hit by Jamie Wise.
12:49 of 1st period - Backhand shot by William Nylander.
12:49 of 1st period - Shot Blocked by Brian Lashoff.
12:59 of 1st period - Minor Penalty to Ben Sexton for Tripping.
13:00 of 1st period - Connor Brickley wins face-off versus Andrew Desjardins in Admirals NSH zone.
13:03 of 1st period - Snap shot by Connor Brickley.
13:03 of 1st period - Deflect By Bryan Rust.
13:03 of 1st period - Shot Misses the Net.
13:03 of 1st period - Puck is out of play.
13:04 of 1st period - Andrew Desjardins wins face-off versus Connor Brickley in Admirals NSH zone.
13:57 of 1st period - Allan McPherson is hit by Scott Mayfield and loses puck.
14:02 of 1st period - Slapshot by Christian Thomas.
14:02 of 1st period - Shot Misses the Net.
14:20 of 1st period - Michal Rozsival is hit by Andrew Desjardins and loses puck.
14:59 of 1st period - Penalty to Ben Sexton is over, Ben Sexton is back on ice.
15:03 of 1st period - Wrist shot by Christian Thomas.
15:03 of 1st period - Shot Blocked by Brad Winchester.
15:07 of 1st period - Wrist shot by Christian Thomas.
15:07 of 1st period - Shot Blocked by Ben Sexton.
15:09 of 1st period - Wrist shot by Christian Thomas.
15:09 of 1st period - Shot Misses the Net.
15:13 of 1st period - Snap shot by Liam O'Brien.
15:13 of 1st period - Shot Misses the Net.
15:23 of 1st period - Joel Chouinard is hit by Brad Winchester and loses puck.
17:00 of 1st period - Snap shot by Tanner Richard.
17:00 of 1st period - Stopped by Chad Johnson without a rebound.
17:01 of 1st period - Ben Sexton wins face-off versus Tanner Richard in Admirals NSH zone.
17:28 of 1st period - Michal Rozsival is hit by Michael Pelech.
17:49 of 1st period - Off-side.
17:50 of 1st period - Daniel Briere wins face-off versus Allan McPherson in neutral zone.
18:23 of 1st period - Keaton Ellerby is hit by Tim Gleason and loses puck.
18:50 of 1st period - Snap shot by Bryan Rust.
18:50 of 1st period - Shot Blocked by Oliver Lauridsen.
18:52 of 1st period - Snap shot by Bryan Rust.
18:52 of 1st period - Shot Misses the Net.
19:06 of 1st period - Brian Lashoff is hit by Bryan Rust and loses puck.
19:27 of 1st period - Wrist shot by Daniel Briere.
19:27 of 1st period - Shot Misses the Net.
19:29 of 1st period - Backhand shot by Morgan Ellis.
19:29 of 1st period - Stopped by Chad Johnson with a rebound.
Goals for this period are 0 for Rampage vs 1 for Admirals NSH.
Shots for this period are 5 for Rampage vs 14 for Admirals NSH.

2nd period


0:01 of 2nd period - Andrew Desjardins wins face-off versus Daniel Briere in neutral zone.
0:32 of 2nd period - Wrist shot by Brad Winchester.
0:32 of 2nd period - Stopped by Viktor Fasth with a rebound.
0:34 of 2nd period - Slapshot by Brad Winchester.
0:34 of 2nd period - Shot Misses the Net.
0:36 of 2nd period - Slapshot by Tim Gleason.
0:36 of 2nd period - Shot Blocked by Christian Thomas.
0:46 of 2nd period - Daniel Briere is hit by Brody Sutter and loses puck.
1:31 of 2nd period - Michal Rozsival is hit by Jamie Wise and loses puck.
1:43 of 2nd period - Eric Faille is hit by Bryan Rust and loses puck.
2:49 of 2nd period - Matthew Corrente is hit by Frazer McLaren and loses puck.
3:01 of 2nd period - Andrew Desjardins is hit by Benn Ferriero and loses puck.
3:16 of 2nd period - Slapshot by Brian Lashoff.
3:16 of 2nd period - Stopped by Viktor Fasth without a rebound.
3:17 of 2nd period - Brody Sutter wins face-off versus Connor Brickley in Rampage zone.
3:18 of 2nd period - Snap shot by Michael Pelech.
3:18 of 2nd period - Shot Blocked by Joel Chouinard.
3:20 of 2nd period - Slapshot by Brian Lashoff.
3:20 of 2nd period - Stopped by Viktor Fasth with a rebound.
3:22 of 2nd period - Slapshot by Brian Lashoff.
3:22 of 2nd period - Shot Misses the Net.
3:24 of 2nd period - Snap shot by Brian Lashoff.
3:24 of 2nd period - Shot Blocked by Bryan Rust.
3:29 of 2nd period - Icing by Morgan Ellis.
3:30 of 2nd period - Ben Sexton wins face-off versus Bryan Rust in Rampage zone.
4:22 of 2nd period - Benn Ferriero is hit by Tim Gleason and loses puck.
5:18 of 2nd period - Oliver Lauridsen beats up Matthew Corrente.
5:18 of 2nd period - Penalty to Oliver Lauridsen for Fighting.
5:18 of 2nd period - Penalty to Matthew Corrente for Fighting.
5:19 of 2nd period - Ben Sexton wins face-off versus William Nylander in Rampage zone.
5:36 of 2nd period - Wrist shot by William Nylander.
5:36 of 2nd period - Stopped by Chad Johnson with a rebound.
5:38 of 2nd period - Minor Penalty to Ben Sexton for Interference.
5:39 of 2nd period - Connor Brickley wins face-off versus Andrew Desjardins in Admirals NSH zone.
5:56 of 2nd period - Slapshot by Connor Brickley.
5:56 of 2nd period - Stopped by Chad Johnson with a rebound.
5:58 of 2nd period - Slapshot by Max Friberg.
5:58 of 2nd period - Stopped by Chad Johnson with a rebound.
6:00 of 2nd period - Slapshot by Michal Rozsival.
6:00 of 2nd period - Shot Blocked by Tim Gleason.
6:02 of 2nd period - Slapshot by Michal Rozsival.
6:02 of 2nd period - Goal by Michal Rozsival - Rampage : 1 - Admirals NSH : 1.
6:03 of 2nd period - Daniel Briere wins face-off versus Brody Sutter in neutral zone.
6:54 of 2nd period - Slapshot by Brian Lashoff.
6:54 of 2nd period - Stopped by Viktor Fasth with a rebound.
7:16 of 2nd period - Wrist shot by Brad Winchester.
7:16 of 2nd period - Stopped by Viktor Fasth without a rebound.
7:17 of 2nd period - Ben Sexton wins face-off versus Connor Brickley in Rampage zone.
7:38 of 2nd period - Wrist shot by Bryan Rust.
7:38 of 2nd period - Stopped by Chad Johnson with a rebound.
7:40 of 2nd period - Slapshot by Scott Mayfield.
7:40 of 2nd period - Stopped by Chad Johnson without a rebound.
7:41 of 2nd period - William Nylander wins face-off versus Allan McPherson in Admirals NSH zone.
7:52 of 2nd period - Slapshot by Brian Lashoff.
7:52 of 2nd period - Stopped by Viktor Fasth with a rebound.
7:54 of 2nd period - Slapshot by Victor Bartley.
7:54 of 2nd period - Stopped by Viktor Fasth with a rebound.
8:04 of 2nd period - Slapshot by Andrew Desjardins.
8:04 of 2nd period - Shot Blocked by Morgan Ellis.
8:43 of 2nd period - Michal Rozsival is hit by Brody Sutter.
10:15 of 2nd period - Minor Penalty to Scott Mayfield for Roughing.
10:16 of 2nd period - Brad Winchester wins face-off versus Daniel Briere in Rampage zone.
10:18 of 2nd period - Penalty to Matthew Corrente is over, Matthew Corrente is back on ice.
10:31 of 2nd period - Snap shot by Nikita Nesterov.
10:31 of 2nd period - Shot Blocked by Taylor Beck.
10:33 of 2nd period - Slapshot by Brian Lashoff.
10:33 of 2nd period - Stopped by Viktor Fasth without a rebound.
10:34 of 2nd period - Brad Winchester wins face-off versus Jordan Szwarz in Rampage zone.
10:35 of 2nd period - Slapshot by Nikita Nesterov.
10:35 of 2nd period - Stopped by Viktor Fasth with a rebound.
10:43 of 2nd period - Slapshot by Brian Lashoff.
10:43 of 2nd period - Deflect By Brad Winchester.
10:43 of 2nd period - Stopped by Viktor Fasth with a rebound.
10:45 of 2nd period - Slapshot by Brian Lashoff.
10:45 of 2nd period - Stopped by Viktor Fasth with a rebound.
10:47 of 2nd period - Slapshot by Nikita Nesterov.
10:47 of 2nd period - Deflect By Taylor Beck.
10:47 of 2nd period - Stopped by Viktor Fasth with a rebound.
11:07 of 2nd period - Slapshot by Nikita Nesterov.
11:07 of 2nd period - Stopped by Viktor Fasth with a rebound.
11:20 of 2nd period - Daniel Briere is hit by Mike Blunden and loses puck.
11:37 of 2nd period - Christian Thomas is hit by Michael Pelech and loses puck.
12:15 of 2nd period - Penalty to Scott Mayfield is over, Scott Mayfield is back on ice.
12:30 of 2nd period - Snap shot by Brad Winchester.
12:30 of 2nd period - Shot Misses the Net.
13:08 of 2nd period - Slapshot by Ben Sexton.
13:08 of 2nd period - Shot Misses the Net.
13:10 of 2nd period - Backhand shot by Brian Lashoff.
13:10 of 2nd period - Stopped by Viktor Fasth without a rebound.
13:11 of 2nd period - Ben Sexton wins face-off versus Tanner Richard in Rampage zone.
13:31 of 2nd period - Minor Penalty to Daniel Briere for Hooking.
13:32 of 2nd period - Mike Blunden wins face-off versus Taylor Beck in Rampage zone.
14:12 of 2nd period - Victor Bartley is hit by Tanner Richard and loses puck.
14:36 of 2nd period - Slapshot by Nikita Nesterov.
14:36 of 2nd period - Shot Misses the Net.
14:38 of 2nd period - Slapshot by Brian Lashoff.
14:38 of 2nd period - Goal by Brian Lashoff - Rampage : 1 - Admirals NSH : 2.
14:39 of 2nd period - Brody Sutter wins face-off versus William Nylander in neutral zone.
14:44 of 2nd period - Snap shot by Nikita Nesterov.
14:44 of 2nd period - Shot Misses the Net.
15:52 of 2nd period - Snap shot by Daniel Briere.
15:52 of 2nd period - Stopped by Chad Johnson with a rebound.
15:54 of 2nd period - Wrist shot by Benn Ferriero.
15:54 of 2nd period - Shot Misses the Net.
15:56 of 2nd period - Snap shot by Daniel Briere.
15:56 of 2nd period - Deflect By Tanner Richard.
15:56 of 2nd period - Stopped by Chad Johnson with a rebound.
15:58 of 2nd period - Wrist shot by Scott Mayfield.
15:58 of 2nd period - Deflect By Tanner Richard.
15:58 of 2nd period - Shot Blocked by Nikita Nesterov.
15:58 of 2nd period - Puck is out of play.
15:59 of 2nd period - Ben Sexton wins face-off versus Daniel Briere in Admirals NSH zone.
16:16 of 2nd period - Wrist shot by Ben Sexton.
16:16 of 2nd period - Shot Misses the Net.
16:32 of 2nd period - Wrist shot by Brody Sutter.
16:32 of 2nd period - Shot Blocked by Michal Rozsival.
16:34 of 2nd period - Wrist shot by Brody Sutter.
16:34 of 2nd period - Stopped by Viktor Fasth without a rebound.
16:35 of 2nd period - Brody Sutter wins face-off versus William Nylander in Rampage zone.
16:36 of 2nd period - Snap shot by Brian Lashoff.
16:36 of 2nd period - Shot Misses the Net.
16:38 of 2nd period - Snap shot by Michael Pelech.
16:38 of 2nd period - Deflect By Liam O'Brien.
16:38 of 2nd period - Shot Blocked by Joel Chouinard.
16:38 of 2nd period - Puck is out of play.
16:39 of 2nd period - William Nylander wins face-off versus Brody Sutter in Rampage zone.
16:39 of 2nd period - Michael Pelech beats up Morgan Ellis.
16:39 of 2nd period - Penalty to Michael Pelech for Fighting.
16:39 of 2nd period - Penalty to Morgan Ellis for Fighting.
16:40 of 2nd period - Brody Sutter wins face-off versus Connor Brickley in Rampage zone.
17:09 of 2nd period - Slapshot by Michal Rozsival.
17:09 of 2nd period - Shot Misses the Net.
18:49 of 2nd period - Mike Blunden is hit by Taylor Beck and loses puck.
19:12 of 2nd period - Snap shot by Connor Brickley.
19:12 of 2nd period - Stopped by Chad Johnson with a rebound.
19:55 of 2nd period - Dillon Simpson is hit by Nikita Nesterov and loses puck.
Goals for this period are 1 for Rampage vs 1 for Admirals NSH.
Shots for this period are 9 for Rampage vs 16 for Admirals NSH.

3rd period


0:01 of 3rd period - Andrew Desjardins wins face-off versus Daniel Briere in neutral zone.
0:15 of 3rd period - Christian Thomas beats up Brad Winchester.
0:15 of 3rd period - Penalty to Brad Winchester for Fighting.
0:15 of 3rd period - Penalty to Christian Thomas for Fighting.
0:16 of 3rd period - Daniel Briere wins face-off versus Andrew Desjardins in Rampage zone.
0:49 of 3rd period - Snap shot by Brody Sutter.
0:49 of 3rd period - Shot Misses the Net.
1:09 of 3rd period - Michal Rozsival is hit by Tim Gleason and loses puck.
1:18 of 3rd period - Snap shot by Bryan Rust.
1:18 of 3rd period - Shot Misses the Net.
1:20 of 3rd period - Snap shot by Connor Brickley.
1:20 of 3rd period - Shot Misses the Net.
1:53 of 3rd period - Minor Penalty to Matthew Corrente for Hooking.
1:54 of 3rd period - Daniel Briere wins face-off versus Brody Sutter in Rampage zone.
2:03 of 3rd period - Icing by Brian Lashoff.
2:04 of 3rd period - Brody Sutter wins face-off versus Daniel Briere in Admirals NSH zone.
2:09 of 3rd period - Snap shot by Nikita Nesterov.
2:09 of 3rd period - Stopped by Viktor Fasth with a rebound.
2:11 of 3rd period - Slapshot by Brian Lashoff.
2:11 of 3rd period - Deflect By Keaton Ellerby.
2:11 of 3rd period - Stopped by Viktor Fasth with a rebound.
2:13 of 3rd period - Slapshot by Brian Lashoff.
2:13 of 3rd period - Shot Blocked by Keaton Ellerby.
2:15 of 3rd period - Slapshot by Nikita Nesterov.
2:15 of 3rd period - Stopped by Viktor Fasth without a rebound.
2:16 of 3rd period - Andrew Desjardins wins face-off versus Daniel Briere in Rampage zone.
2:19 of 3rd period - Wrist shot by Andrew Desjardins.
2:19 of 3rd period - Stopped by Viktor Fasth with a rebound.
2:23 of 3rd period - Snap shot by Tim Gleason.
2:23 of 3rd period - Stopped by Viktor Fasth with a rebound.
2:25 of 3rd period - Backhand shot by Tim Gleason.
2:25 of 3rd period - Shot Blocked by Joel Chouinard.
2:27 of 3rd period - Slapshot by Tim Gleason.
2:27 of 3rd period - Stopped by Viktor Fasth without a rebound.
2:28 of 3rd period - Andrew Desjardins wins face-off versus Daniel Briere in Rampage zone.
2:31 of 3rd period - Snap shot by Andrew Desjardins.
2:31 of 3rd period - Deflect By Mike Blunden.
2:31 of 3rd period - Shot Misses the Net.
2:31 of 3rd period - Puck is out of play.
2:32 of 3rd period - Andrew Desjardins wins face-off versus Daniel Briere in Rampage zone.
2:50 of 3rd period - Snap shot by Andrew Desjardins.
2:50 of 3rd period - Deflect By Joel Chouinard.
2:50 of 3rd period - Shot Blocked by Scott Mayfield.
2:50 of 3rd period - Puck is out of play.
2:51 of 3rd period - Brody Sutter wins face-off versus Daniel Briere in Rampage zone.
3:20 of 3rd period - Keaton Ellerby is hit by Jamie Wise and loses puck.
3:44 of 3rd period - Slapshot by Nikita Nesterov.
3:44 of 3rd period - Shot Misses the Net.
3:53 of 3rd period - Penalty to Matthew Corrente is over, Matthew Corrente is back on ice.
4:02 of 3rd period - Slapshot by Brian Lashoff.
4:02 of 3rd period - Deflect By Michal Rozsival.
4:02 of 3rd period - Stopped by Viktor Fasth without a rebound.
4:03 of 3rd period - Andrew Desjardins wins face-off versus Connor Brickley in Rampage zone.
5:24 of 3rd period - Wrist shot by Benn Ferriero.
5:24 of 3rd period - Stopped by Chad Johnson with a rebound.
5:26 of 3rd period - Wrist shot by Daniel Briere.
5:26 of 3rd period - Shot Blocked by Eric Faille.
5:55 of 3rd period - Dillon Simpson is hit by Michael Pelech and loses puck.
8:02 of 3rd period - Victor Bartley is hit by Bryan Rust and loses puck.
9:13 of 3rd period - Icing by Tim Gleason.
9:14 of 3rd period - Ben Sexton wins face-off versus Benn Ferriero in Admirals NSH zone.
9:19 of 3rd period - Benn Ferriero is hit by Ben Sexton and loses puck.
9:51 of 3rd period - Slapshot by William Nylander.
9:51 of 3rd period - Deflect By Jordan Szwarz.
9:51 of 3rd period - Stopped by Chad Johnson with a rebound.
10:52 of 3rd period - Minor Penalty to Connor Brickley for Holding.
10:53 of 3rd period - Daniel Briere wins face-off versus Andrew Desjardins in Rampage zone.
11:04 of 3rd period - Snap shot by Nikita Nesterov.
11:04 of 3rd period - Stopped by Viktor Fasth without a rebound.
11:05 of 3rd period - Andrew Desjardins wins face-off versus Daniel Briere in Rampage zone.
11:28 of 3rd period - Snap shot by Brad Winchester.
11:28 of 3rd period - Stopped by Viktor Fasth with a rebound.
11:30 of 3rd period - Wrist shot by Jamie Wise.
11:30 of 3rd period - Shot Misses the Net.
11:32 of 3rd period - Slapshot by Michael Pelech.
11:32 of 3rd period - Stopped by Viktor Fasth with a rebound.
11:34 of 3rd period - Slapshot by Nikita Nesterov.
11:34 of 3rd period - Shot Misses the Net.
11:36 of 3rd period - Snap shot by Brad Winchester.
11:36 of 3rd period - Deflect By Michal Rozsival.
11:36 of 3rd period - Shot Blocked by Keaton Ellerby.
11:36 of 3rd period - Puck is out of play.
11:37 of 3rd period - Brad Winchester wins face-off versus Jordan Szwarz in Rampage zone.
12:52 of 3rd period - Penalty to Connor Brickley is over, Connor Brickley is back on ice.
12:52 of 3rd period - Icing by Andrew Desjardins.
12:53 of 3rd period - Brad Winchester wins face-off versus Connor Brickley in Admirals NSH zone.
12:58 of 3rd period - Bryan Rust is hit by Michael Pelech and loses puck.
13:13 of 3rd period - Snap shot by Bryan Rust.
13:13 of 3rd period - Shot Misses the Net.
13:15 of 3rd period - Slapshot by Bryan Rust.
13:15 of 3rd period - Stopped by Chad Johnson with a rebound.
13:29 of 3rd period - Slapshot by Michal Rozsival.
13:29 of 3rd period - Stopped by Chad Johnson with a rebound.
13:31 of 3rd period - Slapshot by Keaton Ellerby.
13:31 of 3rd period - Shot Misses the Net.
13:33 of 3rd period - Slapshot by Michal Rozsival.
13:33 of 3rd period - Shot Misses the Net.
13:35 of 3rd period - Snap shot by Benn Ferriero.
13:35 of 3rd period - Shot Misses the Net.
14:49 of 3rd period - Snap shot by Tanner Richard.
14:49 of 3rd period - Shot Misses the Net.
14:51 of 3rd period - Snap shot by Daniel Briere.
14:51 of 3rd period - Stopped by Chad Johnson with a rebound.
15:40 of 3rd period - Andrew Desjardins is hit by Scott Mayfield and loses puck.
15:58 of 3rd period - Wade Megan is hit by Scott Mayfield and loses puck.
17:01 of 3rd period - Minor Penalty to Scott Mayfield for Slashing.
17:02 of 3rd period - Andrew Desjardins wins face-off versus Daniel Briere in Rampage zone.
17:13 of 3rd period - Slapshot by Nikita Nesterov.
17:13 of 3rd period - Stopped by Viktor Fasth with a rebound.
17:43 of 3rd period - Snap shot by Michael Pelech.
17:43 of 3rd period - Shot Misses the Net.
18:03 of 3rd period - Slapshot by Nikita Nesterov.
18:03 of 3rd period - Stopped by Viktor Fasth with a rebound.
18:05 of 3rd period - Snap shot by Brian Lashoff.
18:05 of 3rd period - Shot Misses the Net.
18:49 of 3rd period - Snap shot by Nikita Nesterov.
18:49 of 3rd period - Shot Blocked by Keaton Ellerby.
19:01 of 3rd period - Penalty to Scott Mayfield is over, Scott Mayfield is back on ice.
19:25 of 3rd period - Keaton Ellerby is hit by Frazer McLaren and loses puck.
Goals for this period are 0 for Rampage vs 0 for Admirals NSH.
Shots for this period are 5 for Rampage vs 12 for Admirals NSH.